 Dungeon Crawl Stone Soup version 0.18.1-5-g4a78601 (webtiles) character file.

147 golgol the Skirmisher (level 5, -8/48 HPs)
             Began as a Hill Orc Fighter on May 12, 2016.
             Mangled by an ice beast (10 damage)
             ... on level 3 of the Dungeon.
             The game lasted 00:08:43 (1937 turns).

golgol the Skirmisher (Hill Orc Fighter)            Turns: 1937, Time: 00:08:45

Health: -8/48      AC:  7    Str: 19    XL:     5   Next: 29%
Magic:  5/5        EV:  7    Int:  8    God:
Gold:   142        SH:  9    Dex: 11    Spells: 0 memorised, 4 levels left

rFire  . . .     SeeInvis .     a - +0 war axe
rCold  . . .     Gourm    .     b - +0 scale mail
rNeg   . . .     Faith    .     c - +0 shield
rPois  .         Spirit   .     (no helmet)
rElec  .         Dismiss  .     (no cloak)
rCorr  .         Reflect  .     (no gloves)
SustAt .         Harm     .     (no boots)
MR     .....                    (no amulet)
Stlth  ..........               (no ring)
                                (no ring)

@: very slightly contaminated, not resistant to hostile enchantments, extremely
unstealthy
A: no striking features
a: no special abilities


You were on level 3 of the Dungeon.
You were not hungry.

You visited 1 branch of the dungeon, and saw 3 of its levels.

You collected 142 gold pieces.

Inventory:

Hand Weapons
 a - a +0 war axe (weapon)
 j - a +0 mace
Missiles
 l - 16 sling bullets
 m - 58 stones (quivered)
Armour
 b - a +0 scale mail (worn)
 c - a +0 shield (worn)
 e - a +0 plate armour
Potions
 d - a potion of might
 o - a potion of heal wounds
 p - a potion of flight
 q - a potion of curing {unknown}
Comestibles
 f - 2 bread rations
 g - a beef jerky


   Skills:
 * Level 5.4 Fighting
 + Level 3.6 Axes
 + Level 4.1 Armour
 + Level 4.0 Shields


You had 4 spell levels left.
You didn't know any spells.

Dungeon Overview and Level Annotations

Branches:
Dungeon (3/15)

Altars:
Ashenzari
Dithmenos


Message History

The ice beast is severely wounded.
Your shield prevents you from hitting the rat.
The rat is heavily wounded.
You barely miss the jackal.
The jackal is moderately wounded.
You block the jackal's attack. You block the rat's attack.
The ice beast hits you. The ice beast freezes you!
* * * LOW HITPOINT WARNING * * *
You slash the rat!
You kill the rat!
You hit the jackal but do no damage.
The jackal bites you but does no damage.
You barely miss the ice beast.
The ice beast is severely wounded.
You closely miss the jackal. You completely miss the jackal.
The jackal bites you but does no damage.
The ice beast hits you.
* * * LOW HITPOINT WARNING * * *
The ice beast freezes you!
You die...

#.............##
##.#............##
##................#
..................#
#.###..............#
... #..............#
P. #..............#
##.......>....##
##........@h##
#########Yh.#
.≈.≈.≈gh)..#
...........#
.≈.≈.≈.≈.≈.#
...........#
.≈.≈.≈.≈$≈.#
...........#
.≈.≈.≈.≈.≈.#


You could see an ice beast, 3 jackals and a goblin.

Vanquished Creatures
  An orc priest (D:3)
  3 adders
  2 oozes
  2 dart slugs (D:1)
  4 giant geckos (D:1)
  5 orcs (D:3)
  2 giant cockroaches
  9 goblins
  8 hobgoblins
  6 jackals
  6 kobolds
  6 bats
  A giant newt (D:2)
  15 rats
70 creatures vanquished.

Notes
Turn   | Place    | Note
--------------------------------------------------------------
     0 | D:1      | golgol the Hill Orc Fighter began the quest for the Orb.
     0 | D:1      | Reached XP level 1. HP: 19/19 MP: 1/1
    14 | D:1      | Reached XP level 2. HP: 22/27 MP: 2/2
    20 | D:1      | Reached skill level 4 in Fighting
   169 | D:1      | Reached XP level 3. HP: 18/33 MP: 3/3
   902 | D:2      | Reached XP level 4. HP: 38/41 MP: 4/4
  1400 | D:2      | Found a shadowy altar of Dithmenos.
  1625 | D:3      | Reached skill level 5 in Fighting
  1625 | D:3      | Reached XP level 5. HP: 17/48 MP: 5/5
  1659 | D:3      | Found a shattered altar of Ashenzari.
  1921 | D:3      | Noticed an ice beast
  1937 | D:3      | HP: 2/48 [ice beast (3)]
  1937 | D:3      | Mangled by an ice beast

Skill      XL: |  1  2  3  4  5 |
---------------+----------------+-----
Axes           | 3 |  3.6
Fighting       | 4 5 |  5.4
Armour         | 4 |  4.1
Shields        | 4 |  4.0

Action                   |  1- 3 |  4- 6 || total
-------------------------+-------+-------++-------
Melee: War axe           |    58 |    73 ||   131
       Mace              |    39 |    48 ||    87
  Use: Scroll            |       |     5 ||     5
 Stab: Distracted        |       |     1 ||     1
  Eat: Chunk             |       |     2 ||     2
       Bread ration      |       |     1 ||     1
Armor: Scale mail        |    27 |    78 ||   105
Dodge: Dodged            |    27 |    56 ||    83
Block: Shield            |    33 |    92 ||   125
